| TOP OF THE 1ST |
|
Watertown Bucks batting - Pitching for Aberdeen Pheasants : RHP Raul Ortiz
|
|
Pitching: RHP Raul Ortiz
|
|
|
Batting: SHB Luis Rivera
|
0-0: Ball 1-0: Called Strike 1-1: Ball 2-1: Ground out 6-3 (Groundball, 6, EV 77.5 MPH)
|
|
Batting: SHB Bruce Hines
|
0-0: Ground out 4-3 (Groundball, 4, EV 82.5 MPH)
|
|
Batting: LHB Bryan Neal
|
0-0: Ball 1-0: Ball 2-0: Ground out 5-3 (Groundball, 56S, EV 83.1 MPH)
|
| Top of the 1st over - 0 runs, 0 hits, 0 errors, 0 left on base; Watertown 0 - Aberdeen 0 |
| BOTTOM OF THE 1ST |
|
Aberdeen Pheasants batting - Pitching for Watertown Bucks : RHP Jose Vasquez
|
|
Pitching: RHP Jose Vasquez
|
|
|
Batting: SHB Stephen Moore
|
0-0: Ball 1-0: Called Strike 1-1: Ball 2-1: Ball 3-1: Foul Ball, location: 2F 3-2: Strikes out swinging
|
|
Batting: RHB Greg Howe
|
0-0: Foul Ball, location: 2F 0-1: Called Strike 0-2: Ball 1-2: Fly out, F8 (Flyball, 8RXD, EV 106.3 MPH)
|
|
Batting: LHB Sergio Leija
|
0-0: Ground out 4-3 (Groundball, 34, EV 86.9 MPH)
|
| Bottom of the 1st over - 0 runs, 0 hits, 0 errors, 0 left on base; Watertown 0 - Aberdeen 0 |
| TOP OF THE 2ND |
|
Watertown Bucks batting - Pitching for Aberdeen Pheasants : RHP Raul Ortiz
|
|
Batting: RHB Richard Plautz
|
0-0: Called Strike 0-1: Ground out 5-3 (Groundball, 56, EV 81.3 MPH)
|
|
Batting: LHB Greg Guin
|
0-0: Called Strike 0-1: Ball 1-1: Swinging Strike 1-2: Foul Ball, location: 2F 1-2: Foul Ball, location: 2F 1-2: Ball 2-2: Strikes out swinging
|
|
Batting: LHB Manuel Vigil
|
0-0: DOUBLE (Flyball, 8RD, EV 96.9 MPH)
|
|
Batting: RHB Sebastiano Borriello
|
0-0: Foul Ball, location: 2F 0-1: Ground out 6-3 (Groundball, 6, EV 81.3 MPH)
|
| Top of the 2nd over - 0 runs, 1 hit, 0 errors, 1 left on base; Watertown 0 - Aberdeen 0 |
| BOTTOM OF THE 2ND |
|
Aberdeen Pheasants batting - Pitching for Watertown Bucks : RHP Jose Vasquez
|
|
Batting: LHB Robert McNair
|
0-0: Foul Ball, location: 2F 0-1: Foul Ball, location: 2F 0-2: Fly out, F5 (Popup, 56S, EV 83.1 MPH)
|
|
Batting: RHB Harry McCulla
|
0-0: Called Strike 0-1: Ball 1-1: Ball 2-1: Fly out, F8 (Flyball, 8LM, EV 86.3 MPH)
|
|
Batting: RHB Pedro Chavez
|
0-0: Ball 1-0: Called Strike 1-1: Foul Ball, location: 2F 1-2: Ball 2-2: Ball 3-2: Foul Ball, location: 2F 3-2: Base on Balls
|
|
Batting: RHB Armando Ramirez
|
0-0: Ball 1-0: Swinging Strike 1-1: Ball 2-1: Foul Ball, location: 2F 2-2: SINGLE (Groundball, 34D, EV 98.8 MPH) Pedro Chavez to second Runner from 2nd tries for 3rd, SAFE, throw by RF made to third
|
|
Batting: RHB Diego Martinez
|
0-0: Called Strike 0-1: Ground out 1-3 (Groundball, 15, EV 67.5 MPH)
|
| Bottom of the 2nd over - 0 runs, 1 hit, 0 errors, 2 left on base; Watertown 0 - Aberdeen 0 |
| TOP OF THE 3RD |
|
Watertown Bucks batting - Pitching for Aberdeen Pheasants : RHP Raul Ortiz
|
|
Batting: RHB Thomas Dimino
|
0-0: Foul Ball, location: 2F 0-1: Foul Ball, location: 2F 0-2: Fly out, F8 (Flyball, 89D, EV 81.3 MPH)
|
|
Batting: SHB Marvin Clack
|
0-0: Ball 1-0: Swinging Strike 1-1: Ground out 5-3 (Groundball, 56, EV 87.5 MPH)
|
|
Batting: SHB Luis Rivera
|
0-0: Called Strike 0-1: Foul Ball, location: 2F 0-2: Ball 1-2: Foul Ball, location: 2F 1-2: Fly out, F4 (Line Drive, 4, EV 61.3 MPH)
|
| Top of the 3rd over - 0 runs, 0 hits, 0 errors, 0 left on base; Watertown 0 - Aberdeen 0 |
| BOTTOM OF THE 3RD |
|
Aberdeen Pheasants batting - Pitching for Watertown Bucks : RHP Jose Vasquez
|
|
Batting: RHB Mike Foote
|
0-0: Ball 1-0: Ball 2-0: DOUBLE (Flyball, 78D, EV 109.4 MPH)
|
|
Batting: SHB Stephen Moore
|
0-0: Ball 1-0: Ball 2-0: Called Strike 2-1: Foul Ball, location: 2F 2-2: Ball 3-2: Ground out 6-3 (Groundball, 6, EV 94.4 MPH) Mike Foote to third
|
|
Batting: RHB Greg Howe
|
0-0: Ground out 5-3 (Groundball, 56, EV 83.8 MPH) Mike Foote scores
|
|
Batting: LHB Sergio Leija
|
0-0: SINGLE (Groundball, 4MD, EV 96.9 MPH)
|
|
Batting: LHB Robert McNair
|
0-0: Ball 1-0: Ground out 1-3 (Groundball, 34S, EV 67.5 MPH)
|
| Bottom of the 3rd over - 1 run, 2 hits, 0 errors, 1 left on base; Watertown 0 - Aberdeen 1 |
| TOP OF THE 4TH |
|
Watertown Bucks batting - Pitching for Aberdeen Pheasants : RHP Raul Ortiz
|
|
Batting: SHB Bruce Hines
|
0-0: Called Strike 0-1: Called Strike 0-2: Fly out, F5 (Popup, 5SF, EV 81.9 MPH)
|
|
Batting: LHB Bryan Neal
|
0-0: Called Strike 0-1: Called Strike 0-2: Ball 1-2: Ball 2-2: Hit by Pitch
|
|
Batting: RHB Richard Plautz
|
0-0: Ball 1-0: Ball 2-0: Ball 3-0: Called Strike 3-1: Foul Ball, location: 2F 3-2: Foul Ball, location: 2F 3-2: Foul Ball, location: 2F 3-2: Grounds into double play, 6-4-3 (Groundball, 6M, EV 84.4 MPH)
|
| Top of the 4th over - 0 runs, 0 hits, 0 errors, 0 left on base; Watertown 0 - Aberdeen 1 |
| BOTTOM OF THE 4TH |
|
Aberdeen Pheasants batting - Pitching for Watertown Bucks : RHP Jose Vasquez
|
|
Batting: RHB Harry McCulla
|
0-0: Called Strike 0-1: Fly out, F7 (Line Drive, 7, EV 90.0 MPH)
|
|
Batting: RHB Pedro Chavez
|
0-0: Ground out 1-3 (Groundball, 13, EV 69.4 MPH)
|
|
Batting: RHB Armando Ramirez
|
0-0: Swinging Strike 0-1: Foul Ball, location: 2F 0-2: Foul Ball, location: 2F 0-2: Ball 1-2: Strikes out swinging
|
| Bottom of the 4th over - 0 runs, 0 hits, 0 errors, 0 left on base; Watertown 0 - Aberdeen 1 |
| TOP OF THE 5TH |
|
Watertown Bucks batting - Pitching for Aberdeen Pheasants : RHP Raul Ortiz
|
|
Batting: LHB Greg Guin
|
0-0: Called Strike 0-1: Foul Ball, location: 2F 0-2: Ball 1-2: Ball 2-2: Ground out U3 (Groundball, 34S, EV 86.3 MPH)
|
|
Batting: LHB Manuel Vigil
|
0-0: Ball 1-0: Swinging Strike 1-1: Reached on error, E3 (Groundball, 13, EV 86.9 MPH)
|
|
Batting: RHB Sebastiano Borriello
|
0-0: Ball Manuel Vigil is caught stealing 2nd base 2-4 1-0: Foul Ball, location: 2F 1-1: Foul Ball, location: 2F 1-2: Fly out, F9 (Flyball, 9, EV 81.9 MPH)
|
| Top of the 5th over - 0 runs, 0 hits, 1 error, 0 left on base; Watertown 0 - Aberdeen 1 |
| BOTTOM OF THE 5TH |
|
Aberdeen Pheasants batting - Pitching for Watertown Bucks : RHP Jose Vasquez
|
|
Batting: RHB Diego Martinez
|
0-0: Bunt missed! 0-1: Ball 1-1: Ground out 6-3 (Groundball, 6, EV 100.0 MPH)
|
|
Batting: RHB Mike Foote
|
0-0: Fly out, F8 (Line Drive, 8LD, EV 93.8 MPH)
|
|
Batting: SHB Stephen Moore
|
0-0: Swinging Strike 0-1: SOLO HOME RUN (Flyball, 89XD, EV 103.1 MPH), Distance : 403 ft
|
|
Batting: RHB Greg Howe
|
0-0: Called Strike 0-1: Foul Ball, location: 2F 0-2: Ground out 4-3 (Groundball, 4, EV 87.5 MPH)
|
| Bottom of the 5th over - 1 run, 1 hit, 0 errors, 0 left on base; Watertown 0 - Aberdeen 2 |
| TOP OF THE 6TH |
|
Watertown Bucks batting - Pitching for Aberdeen Pheasants : RHP Raul Ortiz
|
|
Batting: RHB Thomas Dimino
|
0-0: Swinging Strike 0-1: Called Strike 0-2: Foul Ball, location: 2F 0-2: Ball 1-2: Strikes out swinging
|
|
Batting: SHB Marvin Clack
|
0-0: Ball 1-0: Swinging Strike 1-1: Reached via error on a dropped throw from SS, E3 (Groundball, 6, EV 81.9 MPH)
|
|
Batting: SHB Luis Rivera
|
0-0: Ball Marvin Clack steals 2nd base 1-0: Ball 2-0: Foul Ball, location: 2F 2-1: Foul Ball, location: 2F 2-2: Strikes out swinging
|
|
Batting: SHB Bruce Hines
|
0-0: Foul Ball, location: 2F 0-1: Ball 1-1: SINGLE (Flyball, 78S, EV 90.6 MPH) Marvin Clack to third Runner from 3rd tries for Home, SAFE, throw by LF to home Bruce Hines to second
|
|
Batting: LHB Bryan Neal
|
0-0: Called Strike 0-1: Ball 1-1: Ball 2-1: Foul Ball, location: 2F 2-2: Ball 3-2: Strikes out swinging
|
| Top of the 6th over - 1 run, 1 hit, 1 error, 1 left on base; Watertown 1 - Aberdeen 2 |
| BOTTOM OF THE 6TH |
|
Aberdeen Pheasants batting - Pitching for Watertown Bucks : RHP Jose Vasquez
|
|
Batting: LHB Sergio Leija
|
0-0: Fly out, F5 (Popup, 56S, EV 83.8 MPH)
|
|
Pitching: LHP Kenneth Likewise
|
|
|
Batting: LHB Robert McNair
|
0-0: Ball 1-0: SOLO HOME RUN (Flyball, 89XD, EV 94.4 MPH), Distance : 415 ft
|
|
Batting: RHB Harry McCulla
|
0-0: Ball 1-0: Foul Ball, location: 2F 1-1: Fly out, F8 (Line Drive, 8RM, EV 100.0 MPH)
|
|
Batting: RHB Pedro Chavez
|
0-0: Ball 1-0: Ground out 6-3 (Groundball, 6, EV 91.9 MPH)
|
| Bottom of the 6th over - 1 run, 1 hit, 0 errors, 0 left on base; Watertown 1 - Aberdeen 3 |
| TOP OF THE 7TH |
|
Watertown Bucks batting - Pitching for Aberdeen Pheasants : RHP Raul Ortiz
|
|
Batting: RHB Richard Plautz
|
0-0: Ball 1-0: Called Strike 1-1: Foul Ball, location: 2F 1-2: SINGLE (Groundball, 34D, EV 93.8 MPH)
|
|
Batting: LHB Greg Guin
|
0-0: Ball 1-0: Ball 2-0: Called Strike 2-1: Foul Ball, location: 2F 2-2: SINGLE (Groundball, 34D, EV 94.4 MPH) Richard Plautz to second Runner from 2nd tries for 3rd, SAFE, no throw by RF
|
|
Batting: LHB Manuel Vigil
|
0-0: Swinging Strike 0-1: Swinging Strike 0-2: Foul Ball, location: 2F 0-2: Ball 1-2: Ball 2-2: Strikes out swinging
|
|
Batting: RHB Sebastiano Borriello
|
0-0: Ball 1-0: Called Strike 1-1: Foul Ball, location: 2F 1-2: Strikes out swinging
|
|
Pinch Hitting: LHB John Cardinali
|
0-0: Foul Ball, location: 2F 0-1: Fly out, F8 (Flyball, 8RD, EV 103.1 MPH)
|
| Top of the 7th over - 0 runs, 2 hits, 0 errors, 2 left on base; Watertown 1 - Aberdeen 3 |
| BOTTOM OF THE 7TH |
|
Aberdeen Pheasants batting - Pitching for Watertown Bucks : LHP Kenneth Likewise
|
|
Now at 2B: John Cardinali
|
|
|
Batting: RHB Armando Ramirez
|
0-0: Called Strike 0-1: Fly out, F8 (Flyball, 8LS, EV 85.0 MPH)
|
|
Batting: RHB Diego Martinez
|
0-0: Ball 1-0: DOUBLE (Flyball, 89XD, EV 101.3 MPH)
|
|
Batting: RHB Mike Foote
|
0-0: Called Strike 0-1: Called Strike 0-2: Ball 1-2: Ground out 6-3 (Groundball, 6, EV 105.0 MPH)
|
|
Batting: SHB Stephen Moore
|
0-0: Ball 1-0: Called Strike 1-1: Ball 2-1: Fly out, F7 (Flyball, 78S, EV 96.9 MPH)
|
| Bottom of the 7th over - 0 runs, 1 hit, 0 errors, 1 left on base; Watertown 1 - Aberdeen 3 |
| TOP OF THE 8TH |
|
Watertown Bucks batting - Pitching for Aberdeen Pheasants : RHP Raul Ortiz
|
|
Now in LF: Rick Leach
|
|
|
Batting: SHB Marvin Clack
|
0-0: Called Strike 0-1: Swinging Strike 0-2: Ball 1-2: Strikes out swinging
|
|
Batting: SHB Luis Rivera
|
0-0: Ball 1-0: Fly out, F5 (Popup, 56, EV 70.6 MPH)
|
|
Batting: SHB Bruce Hines
|
0-0: Called Strike 0-1: Ball 1-1: Ball 2-1: SINGLE (Groundball, 6S, EV 63.8 MPH) (infield hit)
|
|
Batting: LHB Bryan Neal
|
0-0: Ball 1-0: Called Strike 1-1: Ball 2-1: Called Strike 2-2: Strikes out swinging
|
| Top of the 8th over - 0 runs, 1 hit, 0 errors, 1 left on base; Watertown 1 - Aberdeen 3 |
| BOTTOM OF THE 8TH |
|
Aberdeen Pheasants batting - Pitching for Watertown Bucks : LHP Kenneth Likewise
|
|
Batting: RHB Greg Howe
|
0-0: Swinging Strike 0-1: SINGLE (Groundball, 13, EV 91.9 MPH) (infield hit)
|
|
Batting: LHB Rick Leach
|
0-0: Called Strike 0-1: Foul Ball, location: 2F 0-2: Grounds into double play, 5-4-3 (Groundball, 5, EV 83.8 MPH)
|
|
Batting: LHB Robert McNair
|
0-0: Ball 1-0: Ball 2-0: Called Strike 2-1: Foul Ball, location: 2F 2-2: Fly out, F8 (Flyball, 8RD, EV 98.8 MPH)
|
| Bottom of the 8th over - 0 runs, 1 hit, 0 errors, 0 left on base; Watertown 1 - Aberdeen 3 |
| TOP OF THE 9TH |
|
Watertown Bucks batting - Pitching for Aberdeen Pheasants : RHP Raul Ortiz
|
|
Pitching: LHP Juan Contreras
|
|
|
Batting: RHB Richard Plautz
|
0-0: Swinging Strike 0-1: Ball 1-1: Foul Ball, location: 2F 1-2: Strikes out swinging
|
|
Batting: LHB Greg Guin
|
0-0: Ground out 6-3 (Groundball, 4M, EV 110.6 MPH)
|
|
Batting: LHB Manuel Vigil
|
0-0: Foul Ball, location: 2F 0-1: Foul Ball, location: 2F 0-2: Ball 1-2: Ground out 6-3 (Groundball, 6, EV 93.1 MPH)
|
| Top of the 9th over - 0 runs, 0 hits, 0 errors, 0 left on base; Watertown 1 - Aberdeen 3 |
|